 Dungeon Crawl Stone Soup version 0.28-a0-863-g8cecda6153 (webtiles) character file.

Game seed: 7771490642563527720

4045 cheechan the Cruncher (level 10, -19/68 HPs)
             Began as an Octopode Gladiator on Nov 19, 2021.
             Was an Initiate of Ashenzari.
             Demolished by an orc warrior (28 damage)
             ... in a bailey.
             The game lasted 00:32:13 (9866 turns).

cheechan the Cruncher (Octopode Gladiator)          Turns: 9866, Time: 00:32:14

Health: -19/68     AC:  1    Str: 20    XL:     10   Next: 24%
Magic:  10/10      EV: 16    Int: 11    God:    Ashenzari [......]
Gold:   302        SH:  0    Dex: 16    Spells: 9/9 levels left

rFire   . . .      SeeInvis .   l - +5 quarterstaff (chaos)
rCold   + . .      Faith    .   (shield currently unavailable)
rNeg    . . .      Spirit   .   b - +0 hat
rPois   .          Reflect  .   (no amulet)
rElec   .          Harm     .   g - +6 ring of strength
rCorr   .          Rampage  .   k - ring of protection from cold
Will    .....                   (no ring)
Stlth   +++++.....              (no ring)
HPRegen 0.21/turn               (no ring)
MPRegen 0.12/turn               (no ring)
                                (no ring)
                                (no ring)

@: mighty
A: almost no armour, amphibious, 8 rings, camouflage 1, gelatinous body 1,
(nimble swimmer 1), tentacles
a: Renounce Religion, Curse Item


You were in a bailey.
You worshipped Ashenzari.
Ashenzari was noncommittal.
You visited 2 branches of the dungeon, and saw 9 of its levels.
You also visited: Bailey.

You collected 302 gold pieces.

Inventory:

Hand Weapons
 l - a +5 quarterstaff of chaos (weapon)
 s - a +0 scythe
 B - a +0 shortbow
 D - a +0 hand crossbow
 F - a +3 dagger
Missiles
 c - 5 throwing nets
 h - 59 boomerangs (quivered)
 i - 183 arrows
 q - 47 bolts
 t - 27 poisoned darts
 z - 35 sling bullets
Armour
 b - a +0 hat (worn)
 A - a +2 kite shield
Jewellery
 g - a +6 ring of strength (left tentacle)
 k - a ring of protection from cold (right tentacle)
Wands
 u - a wand of flame (20)
 v - a wand of mindburst (13)
Scrolls
 a - a scroll of silence {unknown}
 r - 3 scrolls of amnesia
 y - a scroll of noise
Potions
 d - a potion of berserk rage
 e - a potion of might
 f - 2 potions of attraction
 j - 2 potions of curing
 m - a potion of haste {unknown}
 n - a potion of lignification
 o - a potion of magic
 C - a potion of mutation {unknown}
 E - a potion of flight {unknown}


   Skills:
 + Level 5.9 Fighting
 + Level 4.4 Short Blades
 + Level 8.7 Staves
 + Level 5.3 Throwing
 + Level 6.1 Dodging
 + Level 8.5 Stealth


You had 9 spell levels left.
You didn't know any spells.
Your spell library contained the following spells:

 Spells                   Type           Power      Damage    Failure   Level
 Blink                    Tloc           0%         N/A       47%         2
 Corpse Rot               Necr/Air       0%         N/A       47%         2
 Passwall                 Tmut/Erth      0%         N/A       47%         2
 Poisonous Vapours        Pois/Air       0%         N/A       47%         2
 Lesser Beckoning         Tloc           0%         N/A       71%         3
 Ozocubu's Armour         Ice            0%         N/A       71%         3
 Swiftness                Air            0%         N/A       71%         3
 Manifold Assault         Tloc           0%         N/A       100%        5
 Metabolic Englaciation   Hex/Ice        0%         N/A       100%        5
 Simulacrum               Ice/Necr       0%         N/A       100%        6
 Monstrous Menagerie      Summ           0%         N/A       100%        7
 Ozocubu's Refrigeration  Ice            0%         4d5       100%        7
 Summon Hydra             Summ           0%         N/A       100%        7


Dungeon Overview and Level Annotations

Branches:
Dungeon (8/15)             Temple (1/1) D:7          Bailey (1/1)
   Lair: D:8-11

Altars:
Ashenzari
Cheibriados
Elyvilon
Hepliaklqana
Kikubaaqudgha
Makhleb
Nemelex Xobeh
Okawaru
Qazlal
Sif Muna
Trog
Uskayaw
Vehumet
Wu Jian
Xom
Yredelemnul
Zin
The Shining One

Shops:
D:3 ?   D:4 [


Innate Abilities, Weirdness & Mutations

You cannot wear most types of armour.
You are amphibious.
You can wear up to eight rings at the same time.
Your skin changes colour to match your surroundings (Stealth+).
Your rubbery body absorbs attacks. (AC +1, EV +1)
((You are camouflaged near water. (Stealth+)))
You have tentacles for arms and can constrict up to eight enemies at once.


Message History

You kill the orc!
You closely miss the orc. You grab the orc. You constrict the orc.
The orc hits you with a +0 hand axe.
You hit the orc. You burn the orc. You squeeze the orc.
You kill the orc!
There is an open door, spattered with blood here.
Items here: ))) [[[ †.
Things that are here:
a +0 war axe; a +0 leather armour As you open the door, it creaks loudly! 2 goblins, a hobgoblin, a gnoll and 4 orcs come into view.
The hobgoblin shouts!
The orc warrior shouts! x2; The goblin shouts!
You hear a shout!
The orc shouts!
You hear a shout!
The orc knight shouts!
The goblin shouts!
Throw: 59 boomerangs
Press: ? - help, Q - select action, (/) - cycle Shift-Dir - straight line, f - orc warrior
Aim: an orc warrior, wielding a +0 battleaxe and wearing a +0 chain mail (61% to hit)
You throw a boomerang.
The boomerang closely misses the orc warrior.
A goblin comes into view. It is wielding a +0 hand axe.
A hobgoblin comes into view. It is wielding a +0 hand axe.
You hit the orc warrior.
The orc warrior flickers and vanishes!
Deactivating autopickup; reactivate with Ctrl-A.
Your squeeze misses something.
A goblin comes into view. It is wielding a +0 war axe.
You feel very mighty all of a sudden. Something hits you!
You hit the orc warrior.
The orc warrior flickers and vanishes!
Something barely misses you. Something hits you!
You sock something! You squeeze something. Something hits you!
The orc knight suddenly cheers, as Orcs often do.
A gnoll comes into view. It is wielding a +0 war axe.
Something hits you!!
* * * LOW HITPOINT WARNING * * *
Okay, then.
As you read the scroll of summoning, it crumbles to dust.
Wisps of shadow whirl around you... Something barely misses you.
Something hits your orc warrior but does no damage.
Something hits you!!
You die... ... ... ####g##### .#.g.#.. gg8og. gog# ##{## #@.o# #ooo# #goo#

######o######
#....≈o≈....#
#'###≈g≈###'#
#....≈.≈....#
#†###≈.≈###'#
#....≈.≈†...#


You could see an orc knight, a gnoll, an orc (ally target), 2 hobgoblins, a
goblin, 2 friendly orc warriors, 2 friendly orc priests, 2 friendly orc wizards,
2 friendly gnolls and 2 friendly orcs.

Vanquished Creatures
  Maurice (D:8)
  A guardian serpent (shapeshifter) (D:5)
  A steam dragon (D:7)
  A water moccasin (D:7)
  Duvessa (D:7)
  2 black bears
  2 orc warriors
  2 ice beasts (D:7)
  2 sky beasts
  3 ogres
  2 necrophages
  2 centaurs (D:7)
  A phantom (D:7)
  A kobold brigand (D:7)
  A bullfrog (D:7)
  A gnoll sergeant (D:6)
  A wyvern zombie (D:7)
  3 scorpions
  Dowan (D:7)
  A howler monkey (D:6)
  2 centaur zombies (D:7)
  2 hounds
  A centaur skeleton (D:5)
  Crazy Yiuf (D:2)
  A gnoll shaman (D:5)
  4 orc priests
  8 jellies
  2 bullfrog skeletons
  5 iguanas
  3 orc wizards
  Robin (D:4)
  11 gnolls
  11 adders
  A shadow imp (D:6)
  2 adder skeletons (D:4)
  4 dart slugs
  21 orcs
  4 ball pythons
  3 bats (D:1)
  10 endoplasms
  6 giant cockroaches
  15 goblins
  11 hobgoblins
  26 kobolds
  2 quokkas
  15 frilled lizards
  6 rats (D:3)
208 creatures vanquished.

Vanquished Creatures (others)
  A fungus (D:2)
  14 plants
15 creatures vanquished.

Grand Total: 223 creatures vanquished

Notes
Turn   | Place    | Note
-------+----------+-------------------------------------------
     0 | D:1      | cheechan the Octopode Gladiator began the quest for the
                  | Orb.
     0 | D:1      | Reached XP level 1. HP: 14/14 MP: 1/1
    16 | D:1      | Noticed an electric eel
   207 | D:1      | Found a faded altar of an unknown god.
   269 | D:1      | Reached XP level 2. HP: 2/19 MP: 2/2
   982 | D:1      | Reached XP level 3. HP: 15/24 MP: 3/3
  1482 | D:2      | Reached skill level 1 in Stealth
  1888 | D:2      | Reached XP level 4. HP: 29/29 MP: 4/4
  2421 | D:2      | Found a runed translucent door.
  2422 | D:2      | Noticed Crazy Yiuf
  2428 | D:2      | Killed Crazy Yiuf
  2519 | D:3      | Found Omotets's Magic Scroll Emporium.
  2538 | D:3      | Reached XP level 5. HP: 34/35 MP: 5/5
  2691 | D:3      | Found a sparkling altar of Nemelex Xobeh.
  2762 | D:3      | Noticed a black bear
  2773 | D:3      | Killed a black bear
  2774 | D:3      | Reached skill level 1 in Staves
  2774 | D:3      | Reached XP level 6. HP: 30/41 MP: 6/6
  3500 | D:4      | Noticed Robin
  3637 | D:4      | Reached XP level 7. HP: 41/46 MP: 7/7
  3654 | D:4      | Killed Robin
  3702 | D:4      | Reached skill level 5 in Stealth
  4267 | D:4      | Found Maxalou's Antique Armour Shop.
  4710 | D:5      | Entered Level 5 of the Dungeon
  4986 | D:5      | Reached XP level 8. HP: 54/54 MP: 8/8
  5316 | D:5      | Noticed a shapeshifter
  5316 | D:5      | a gnoll changed into a shapeshifter
  5316 | D:5      | Noticed a guardian serpent
  5316 | D:5      | a shapeshifter changed into a guardian serpent
  5328 | D:5      | HP: 1/54 [guardian serpent (shapeshifter) (9)]
  5329 | D:5      | Killed a guardian serpent
  5703 | D:5      | Reached skill level 5 in Staves
  5786 | D:5      | Reached skill level 5 in Dodging
  6271 | D:6      | Reached XP level 9. HP: 50/60 MP: 9/9
  6500 | D:6      | Reached skill level 5 in Fighting
  7997 | D:7      | Got The Intricacies of Spellcraft
  8008 | D:7      | Found a staircase to the Ecumenical Temple.
  8024 | Temple   | Entered the Ecumenical Temple
  8213 | Temple   | Became a worshipper of Ashenzari the Shackled
  8672 | D:7      | Identified the +0 leather armour of Xom's Regard {rPois}
  9091 | D:7      | Reached skill level 5 in Throwing
  9227 | D:7      | Reached XP level 10. HP: 60/67 MP: 10/10
  9385 | D:7      | Noticed Dowan
  9386 | D:7      | Noticed Duvessa
  9393 | D:7      | Killed Duvessa
  9398 | D:7      | Killed Dowan
  9471 | D:8      | Noticed Maurice
  9483 | D:8      | Killed Maurice
  9506 | D:8      | Found a flagged portal.
  9521 | Bailey   | Entered a bailey
  9859 | Bailey   | Noticed an orc knight
  9866 | Bailey   | Demolished by an orc warrior

Illustrated notes

Levels and vault maps discovered:
D:1:      arrival_aquarium_a, layout_basic, ebering_ecumenical_altar_mist,
          kennysheep_pointless_box, minmay_lizard_king
D:2:      layout_loops_corners, serial_forest, infiniplex_forest_straight_2,
          infiniplex_forest_lined_room_2, infiniplex_forest_straight_2,
          infiniplex_forest_corner_1, infiniplex_forest_zigzag_1,
          infiniplex_forest_end_2, infiniplex_forest_end_2,
          infiniplex_forest_lined_room_3, infiniplex_forest_fountain,
          uniq_crazy_yiuf_cottage
D:3:      layout_basic, nemelex_altar_shiori, serial_shops,
          nicolae_shop_behind_doors, serial_bayou_pond_b, minmay_divided_ellipse
D:4:      minmay_door_path, layout_rooms, kennysheep_small_circle, uniq_robin
D:5:      layout_layer_cave
D:6:      layout_gridville, kennysheep_generic_room_7
D:7:      layout_loops_ring, minmay_temple_entry_drinking_statues,
          minmay_checkerbox, uniq_duvessa
D:8:      layout_loops_corners, enter_bailey_3, serial_shops,
          nicolae_shop_stone, nicolae_shop_hallway_plus,
          nicolae_shop_temple_entry_statues_fountains, kennysheep_crisscross,
          kennysheep_generic_room_16, uniq_maurice
Temple:   minmay_crystal_spiral_temple
Bailey:   bailey_axe_1, bailey

Skill      XL: |  1  2  3  4  5  6  7  8  9 10 |
---------------+-------------------------------+-----
Stealth        | 2 3 4 6 7 8 |  8.5
Short Blades   | 4 |  4.4
Staves         | 1 2 3 6 8 |  8.7
Dodging        | 4 5 6 |  6.1
Fighting       | 3 4 5 |  5.9
Throwing       | 3 5 |  5.3

Action                   |  1- 3 |  4- 6 |  7- 9 | 10-12 || total
-------------------------+-------+-------+-------+-------++-------
Melee: Rapier            |    64 |     9 |       |       ||    73
       Constrict         |     9 |    16 |    39 |     9 ||    73
       Tentacles         |     7 |    11 |    51 |    12 ||    81
       Quarterstaff      |       |    57 |   182 |    32 ||   271
Throw: Boomerang         |       |     8 |    53 |    49 ||   110
  Use: Scroll            |     2 |     5 |     8 |     2 ||    17
       Potion            |       |       |     2 |     1 ||     3
 Stab: Sleeping          |     6 |    10 |    14 |     4 ||    34
       Distracted        |       |     1 |     1 |       ||     2
       Confused          |       |       |     1 |     1 ||     2
Armor: Skin              |     3 |     3 |     5 |     1 ||    12
Dodge: Dodged            |    46 |    42 |   128 |    29 ||   245

Table legend: (Time is in decaauts)
 A = Elapsed time spent in this place.
 B = Non-inter-level travel time spent in this place.
 C = Inter-level travel time spent in this place.
 D = Time resting spent in this place.
 E = Time spent auto-exploring this place.
 F = Levels seen in this place.
 G = Mean time per level.
                   A        B        C        D        E       F      G
               +--------+--------+--------+--------+--------+-----+--------+
         Total |   9890 |   9890 |      0 |   3189 |      0 |  10 |  989.0 |
       Dungeon |   9251 |   9251 |      0 |   2995 |      0 |   8 | 1156.4 |
        Temple |    294 |    294 |      0 |      0 |      0 |   1 |  294.0 |
        Bailey |    344 |    344 |      0 |    194 |      0 |   1 |  344.0 |
               +--------+--------+--------+--------+--------+-----+--------+

Top non-repeatable levels by time:
     D:7: 1622 daAuts
     D:6: 1512 daAuts
     D:5: 1314 daAuts
     D:1: 1294 daAuts
     D:4: 1225 daAuts
     D:2: 1167 daAuts
     D:3: 1046 daAuts
  Bailey: 344 daAuts
  Temple: 294 daAuts
     D:8: 71 daAuts
